 Dungeon Crawl Stone Soup version 0.17-a0-1262-gd250d98 (webtiles) character file.

1638 ohyou the Changer (level 8, -15/79 HPs)
             Began as a Demigod Transmuter on June 6, 2015.
             Killed from afar by an efreet (33 damage)
             ... with a bolt of fire
             ... on level 8 of the Dungeon.
             The game lasted 00:34:11 (8198 turns).

ohyou the Changer (Demigod Transmuter)              Turns: 8198, Time: 00:34:12

Health: -15/79     AC:  6    Str: 15    XL:     8   Next: 39%
Magic:  14/14      EV: 12    Int: 17    God:
Gold:   304        SH:  0    Dex: 18    Spells: 3 memorised, 3 levels left

rFire  x . .     SeeInvis .       - Unarmed
rCold  + + +     Clarity  +     (armour currently unavailable)
rNeg   . . .     SustAt   +     (shield currently unavailable)
rPois  +         Gourm    .     (helmet currently unavailable)
rElec  .         Spirit   .     (cloak currently unavailable)
rCorr  .         Warding  .     (gloves currently unavailable)
rMut   .         Stasis   .     (boots currently unavailable)
MR     +....                    v - amulet of clarity
Stlth  ++........               j - ring of protection from magic
                                M - ring of wizardry

@: ice-form, somewhat resistant to hostile enchantments, unstealthy
A: high mp 1, sustain attributes
a: End Transformation


   Skills:
 * Level 4.0 Fighting
 * Level 4.5 Dodging
 + Level 3.9 Unarmed Combat
 - Level 2.0 Spellcasting
 + Level 5.6 Transmutations
 - Level 5.1 Ice Magic


You had 3 spell levels left.
You knew the following spells:

 Your Spells              Type           Power        Failure   Level  Hunger
a - Beastly Appendage     Trmt           ###...       1%          1    #......
b - Ice Form              Ice/Trmt       ###.....     10%         4    #####..
c - Spider Form           Trmt/Pois      ##........   9%          3    ###....


Innate Abilities, Weirdness & Mutations

You have an increased reservoir of magic (+10% MP).
Your attributes are resistant to harm.

Inventory:

Hand weapons
 a - a +2 dagger of venom (melded)
 b - a +0 blowgun
Missiles
 h - 12 arrows
 s - 68 poisoned needles
 C - 7 needles of slowing
Armour
 l - a +0 helmet
 n - a +0 pair of boots (melded)
 r - a +0 robe (melded)
 S - the +1 cloak of Inevitability (melded) {rF+ rCorr Str+3 Slay+3}
   (You found it on level 8 of the Dungeon)

   It affects your strength (+3).
   It affects your accuracy and damage with ranged weapons and melee attacks
   (+3).
   It protects you from fire.
   It protects you from acid and corrosion.
Jewellery
 j - a ring of protection from magic (right front paw)
 q - an uncursed ring of teleport control
 v - an amulet of clarity (around neck)
 I - an uncursed amulet of the gourmand
 M - a ring of wizardry (left front paw)
 P - an uncursed amulet of resist corrosion
 Q - an uncursed ring of teleportation
Magical devices
 y - a wand of fireball (6)
 K - a wand of teleportation (6)
 L - a wand of disintegration (6)
 O - a wand of fire (3)
Scrolls
 g - 4 scrolls of identify
 i - a scroll of fear
 k - 2 scrolls of fog
 t - 2 scrolls of recharging {unknown}
 D - 2 scrolls of remove curse
 E - 2 scrolls of immolation {unknown}
 J - a scroll of random uselessness {unknown}
 N - a scroll of blinking {unknown}
 R - a scroll of magic mapping
Potions
 e - 4 potions of ambrosia {unknown}
 m - 2 potions of cancellation {unknown}
 o - 2 potions of degeneration {unknown}
 p - 4 potions of curing {unknown}
 u - 2 potions of lignification
 w - 2 potions of resistance {unknown}
 x - 3 potions of brilliance
 F - a potion of might
 G - 2 potions of heal wounds
 H - 2 potions of haste {unknown}
Books
 c - a book of Changes
 B - a book of Flames
   (You found it on level 3 of the Dungeon)
Comestibles
 d - 6 bread rations
 f - a chunk of flesh
 z - 5 meat rations
 A - a slice of pizza

##.........###
.'...Y.....'.. .. ..
##...Y.....### ...
.# ##.......## #.#..
##.....## #.#.
##.Y.## #.. ##Y##
#.# # #.#
#.###.##.##.# #.#
#..RY.....?.#
######.##
#####.######
........######## #.#
..##....)......###.#
#.###...##.........#
#.###..###.###.#####
#..........# #.#
#####..#######.#
#..........#


You could see an efreet.


Message History

Your +2 dagger of venom melds into your body.
The +1 cloak of Inevitability {rF+ rCorr Str+3 Slay+3} melds into your body.
Your +0 pair of boots melds into your body.
Your +0 robe melds into your body.
Your +2 dagger of venom stops dripping with poison.
You punch the shadow imp!
The shadow imp is severely wounded.
The shadow imp hits you but does no damage.
You hit the shadow imp but do no damage.
The shadow imp is severely wounded.
The shadow imp shouts, "Despond, thou pandering fool-headed death-token!"
The shadow imp hits you but does no damage.
You hit the shadow imp.
The shadow imp is severely wounded.
The shadow imp gestures at you.
You easily resist.
You barely miss the shadow imp.
The shadow imp is severely wounded.
The shadow imp misses you.
You closely miss the shadow imp.
The shadow imp is severely wounded.
The shadow imp completely misses you.
You punch the shadow imp!
You kill the shadow imp!
A shadow imp comes into view.
You hit the shadow imp.
The shadow imp is moderately wounded.
The shadow imp hits you.
You hit the shadow imp.
The shadow imp is heavily wounded.
The shadow imp barely misses you.
You hit the shadow imp.
The shadow imp is severely wounded.
The shadow imp barely misses you.
You closely miss the shadow imp.
The shadow imp is heavily wounded.
The shadow imp barely misses you.
You hit the shadow imp.
The shadow imp is almost dead.
The shadow imp closely misses you.
Your magical contamination has completely faded away.
You punch the shadow imp!
You kill the shadow imp!
You are feeling hungry.
Eat which item? (? for menu, Esc to quit)
Okay, then.
HP restored.
Your transformation is almost over.
No target in view!
Casting: Ice Form
Confirm with . or Enter, or press ? or * to list all spells.
You extend your transformation's duration.
Unknown command.
The two-headed ogre shouts in stereo!
You punch the two-headed ogre! You freeze the two-headed ogre.
The two-headed ogre is heavily wounded.
The two-headed ogre closely misses you.
The two-headed ogre completely misses you.
You hit the two-headed ogre. You freeze the two-headed ogre.
The two-headed ogre is severely wounded.
The two-headed ogre closely misses you.
The two-headed ogre hits you with a giant spiked club!
You punch the two-headed ogre! You freeze the two-headed ogre.
You kill the two-headed ogre!
Your Fighting skill increases to level 4!
Things that are here:
a giant club; a giant spiked club; a two-headed ogre corpse You butcher the two-headed ogre corpse.
f - 2 chunks of flesh
Things that are here:
a giant club; a giant spiked club; a two-headed ogre skeleton Eat one of 2 chunks of flesh? (ye/n/q/i?) This raw flesh tastes terrible.
You continue eating. x2
An efreet comes into view. It is wielding a scimitar of flaming.
Found a scroll of identify.
The efreet gestures at you. The bolt of fire hits you!
The fire burns you terribly!
* * * LOW HITPOINT WARNING * * *
Unknown command.
You hit the efreet but do no damage.
The efreet hits you with a scimitar of flaming!
* * * LOW HITPOINT WARNING * * *
The efreet melts you.
* * * LOW HITPOINT WARNING * * *
Unknown command.
You hit the efreet but do no damage.
Unknown command.
Unknown command.
You punch the efreet! You freeze the efreet.
The efreet is moderately wounded.
The efreet barely misses you.
You hit the efreet. You freeze the efreet.
The efreet is heavily wounded.
The efreet completely misses you.
You punch the efreet! You freeze the efreet.
The efreet is severely wounded.
The efreet gestures at you. The bolt of fire hits you!
The fire burns you terribly!
You die...

Dungeon Overview and Level Annotations

Branches:
Dungeon (8/15)             Temple (0/1) D:4
   Lair: D:8-11

Shops:
D:7 !(}==

Annotations:
D:5 Sigmund
D:6 Chiseanne's ghost, experienced FoFi

Notes
Turn   | Place    | Note
--------------------------------------------------------------
     0 | D:1      | ohyou the Demigod Transmuter began the quest for the Orb.
     0 | D:1      | Reached XP level 1. HP: 15/15 MP: 5/5
    63 | D:1      | Reached XP level 2. HP: 19/22 MP: 4/7
   347 | D:1      | Reached skill level 3 in Transmutations
   665 | D:1      | Reached XP level 3. HP: 14/27 MP: 6/8
  1765 | D:2      | Reached skill level 4 in Transmutations
  2031 | D:2      | Reached XP level 4. HP: 34/34 MP: 7/9
  2056 | D:1      | Learned a level 4 spell: Ice Form
  2174 | D:2      | Noticed Robin
  2333 | D:1      | Killed Robin
  2561 | D:2      | Reached skill level 1 in Ice Magic
  2849 | D:2      | Found a glowing silver altar of Zin.
  3504 | D:3      | Found a snail-covered altar of Cheibriados.
  3871 | D:4      | Found a staircase to the Ecumenical Temple.
  3948 | D:4      | Found a sparkling altar of Nemelex Xobeh.
  4301 | D:5      | Entered Level 5 of the Dungeon
  4340 | D:5      | Reached XP level 5. HP: 39/39 MP: 10/10
  4381 | D:5      | Noticed Sigmund
  4956 | D:5      | Learned a level 3 spell: Spider Form
  5384 | D:6      | Found an iron altar of Okawaru.
  5448 | D:6      | Noticed Chiseanne's ghost (experienced FoFi)
  5725 | D:6      | Reached XP level 6. HP: 8/46 MP: 6/11
  5876 | D:6      | Noticed an ice beast
  6107 | D:6      | Killed an ice beast
  6107 | D:6      | Reached skill level 5 in Ice Magic
  6251 | D:7      | Found Obanimul's Distillery.
  6260 | D:7      | Bought a potion of heal wounds for 55 gold pieces
  6260 | D:7      | Bought a potion of brilliance for 44 gold pieces
  6260 | D:7      | Bought a potion of lignification for 33 gold pieces
  6278 | D:7      | Found a shadowy altar of Dithmenos.
  6346 | D:7      | Found Seepre's Weapon Boutique.
  6400 | D:7      | Found Cuduemm's Jewellery Boutique.
  6419 | D:7      | Found Wyughola's Gadget Boutique.
  6462 | D:7      | Found Olayses's Jewellery Boutique.
  6537 | D:7      | Found a blossoming altar of Fedhas.
  6690 | D:8      | Reached skill level 1 in Fighting
  6690 | D:8      | Reached XP level 7. HP: 49/52 MP: 11/13
  6753 | D:8      | Got a dazzling cloak
  6764 | D:8      | Identified the +1 cloak of Inevitability {rF+ rCorr Str+3 Slay+3} (You found it on level 8 of the Dungeon)
  6836 | D:8      | Found a deep blue altar of Sif Muna.
  6919 | D:8      | Reached skill level 5 in Transmutations
  7107 | D:8      | Noticed a hippogriff
  7122 | D:8      | Killed a hippogriff
  7152 | D:8      | Noticed a yak
  7152 | D:8      | Noticed a yak
  7153 | D:8      | Noticed a yak
  7153 | D:8      | Noticed a yak
  7164 | D:8      | Noticed a yak
  7168 | D:8      | Killed a yak
  7168 | D:8      | Reached XP level 8. HP: 52/63 MP: 9/14
  7171 | D:8      | Noticed a yak
  7687 | D:8      | Noticed a two-headed ogre
  7845 | D:7      | Killed a yak
  8174 | D:8      | Killed a two-headed ogre
  8192 | D:8      | Noticed an efreet
  8198 | D:8      | Killed from afar by an efreet

Vault maps used:
D:1:      erik_arrival_gehennom, serial_bayou_ford_a
D:2:      zin_treasury, minivault_25, uniq_robin
D:3:      nicolae_overflow_hidden_temple, dk_noncrumbling_4
D:4:      nicolae_overflow_crystal_walls, minmay_temple_entry_junction
D:5:      first_bread, uniq_sigmund
D:6:      kennysheep_six_static_rooms, okawaru_metal_pillars_1_2
D:7:      lemuel_round_altar, serial_shops, shop, shop, shop, shop, shop,
          basic_altar
D:8:      kennysheep_mini

Vanquished Creatures
  A two-headed ogre (D:8)
  A hippogriff (D:8)
  2 yaks (D:8 D:7)
  A necrophage (D:8)
  An ice beast (D:6)
  An ogre (D:7)
  A phantom (D:8)
  A wyvern zombie (D:6)
  A quasit (D:8)
  2 jellies (D:8)
  A centaur skeleton (D:6)
  An orc wizard (D:5)
  An orc priest (D:8)
  3 hounds (D:6 D:8)
  An iguana (D:7)
  A worker ant (D:6)
  Robin (D:1)
  4 gnolls (D:8)
  5 adders (D:2 D:5 D:6)
  3 shadow imps (D:8)
  4 oozes (D:1)
  A worm (D:5)
  5 giant geckos (D:1 D:3 D:5 D:6)
  9 orcs (D:5 D:6 D:8)
  A ball python (D:8)
  A bat zombie (D:6)
  4 giant cockroaches (D:1 D:2)
  17 goblins (D:1 D:2 D:3 D:4)
  19 hobgoblins (D:1 D:2 D:3 D:4 D:6)
  11 jackals (D:1 D:2 D:3)
  A quokka (D:3)
  15 bats (D:1 D:2 D:3 D:4 D:5)
  5 giant newts (D:1 D:2 D:6)
  13 kobolds (D:1 D:2 D:4 D:6 D:7)
  A quokka zombie (D:6)
  14 rats (D:1 D:2 D:3 D:4 D:5)
154 creatures vanquished.

Action                   |  1- 3 |  4- 6 |  7- 9 || total
-------------------------+-------+-------+-------++-------
Melee: Unarmed           |    92 |    25 |    69 ||   186
       Dagger            |    53 |   186 |    22 ||   261
 Fire: Blowgun           |       |    14 |     6 ||    20
 Cast: Beastly Appendage |    15 |    11 |     2 ||    28
       Ice Form          |       |     3 |     7 ||    10
Evoke: Wand              |       |       |     1 ||     1
  Use: Scroll            |       |     9 |     1 ||    10
 Stab: Sleeping          |     1 |     5 |     2 ||     8
       Distracted        |       |     2 |     1 ||     3
  Eat: Chunk             |     4 |    11 |     6 ||    21
       Pizza             |       |     2 |       ||     2
       Royal jelly       |       |     1 |       ||     1
